[Event "FIDE World Rapid-ch Open 2018"]
[White "Rashkovsky, Nukhim N"]
[Black "Melkumyan, Hrant"]
[Site "St. Petersburg"]
[Round "2.65"]
[Annotator "ChessBase"]
[Result "0-1"]
[Date "2018.12.26"]
[WhiteElo "2482"]
[BlackElo "2670"]
[PlyCount "65"]
[TimeControl "900+10"]

1. Nc3 c5 2. Nf3 Nc6 3. g3 d5 4. Bg2 d4 5. Nb1 e5 6. d3 Bd6 7. Nbd2 Nge7 8. 0-0 0-0 9. c3 h6 10. Ne4 Be6 11. a3 a5 12. a4 Rc8 13. Nfd2 b6 14. Nxd6 Qxd6 15. f4 exf4 16. Ne4 Qd8 17. Bxf4 Nd5 18. c4 Nxf4 19. gxf4 Ne7 20. Ng3 Nf5 21. Qd2 Qd7 22. Be4 Rfe8 23. Rf2 Nxg3 24. hxg3 Bxc4 25. f5 Bd5 26. f6 Bxe4 27. dxe4 Rxe4 28. fxg7 Qh3 29. Raf1 Rg4 30. Rg2 Rxg3 31. Rff2 Rxg2+ 32. Rxg2 Re8 33. Qc2 0-1

[Event "FIDE World Rapid-ch Open 2018"]
[White "Sanikidze, Tornike"]
[Black "Savchenko, Boris"]
[Site "St. Petersburg"]
[Round "2.66"]
[Annotator "ChessBase"]
[Result "0-1"]
[Date "2018.12.26"]
[WhiteElo "2507"]
[BlackElo "2562"]
[PlyCount "70"]
[TimeControl "900+10"]

1. d4 Nf6 2. c4 g6 3. Nc3 d5 4. cxd5 Nxd5 5. Bd2 Nb6 6. e3 Bg7 7. f4 0-0 8. Nf3 Bf5 9. h3 Be6 10. Ne4 Nc4 11. Bc1 Nd6 12. Nc3 c5 13. d5 Bf5 14. Bd3 Bxd3 15. Qxd3 c4 16. Qc2 Na6 17. Qe2 Nb4 18. 0-0 Bxc3 19. bxc3 Nxd5 20. Qc2 Qa5 21. Bd2 Nf6 22. Rab1 Rfd8 23. Nd4 Nfe4 24. Be1 Rd7 25. f5 Qe5 26. g4 Nc5 27. Qe2 Nd3 28. Bh4 Ne4 29. fxg6 hxg6 30. Rb5 Rd5 31. Qf3 f6 32. Rxd5 Qxd5 33. Ne2 Rd8 34. Rb1 b6 35. Kg2 Ne5 0-1

[Event "FIDE World Rapid-ch Open 2018"]
[White "Bocharov, Ivan"]
[Black "Belyakov, Bogdan"]
[Site "St. Petersburg"]
[Round "2.67"]
[Annotator "ChessBase"]
[Result "1-0"]
[Date "2018.12.26"]
[WhiteElo "2563"]
[BlackElo "2459"]
[PlyCount "103"]
[TimeControl "900+10"]

1. e4 e5 2. Bc4 Nc6 3. Nf3 Bc5 4. d3 Nf6 5. 0-0 0-0 6. a4 a5 7. Re1 h6 8. Nbd2 d6 9. h3 Be6 10. c3 Re8 11. Bb5 Bd7 12. Nf1 Ba7 13. Ng3 Ne7 14. Nh4 c6 15. Bc4 d5 16. Ba2 Ng6 17. Nhf5 Be6 18. Qf3 dxe4 19. dxe4 Bxa2 20. Rxa2 Re6 21. b3 Qf8 22. Rd1 Rd8 23. Rxd8 Qxd8 24. Rd2 Qf8 25. Rd3 Bb6 26. Nh5 Nxh5 27. Qxh5 Nf4 28. Bxf4 exf4 29. Qf3 g6 30. Nd4 Bxd4 31. Rxd4 Qa3 32. Qxf4 Qxb3 33. Qxh6 Re8 34. Qe3 b5 35. axb5 cxb5 36. h4 Qe6 37. h5 gxh5 38. Qg5+ Qg6 39. Qxb5 Rxe4 40. Qxa5 Rxd4 41. cxd4 Qg4 42. Qe5 h4 43. Kh2 Kh7 44. f3 Qd7 45. Qh5+ Kg7 46. Qxh4 Kf8 47. Qh8+ Ke7 48. Qe5+ Kf8 49. d5 Qa4 50. Kg3 Qd7 51. d6 Qd8 52. Qh8# 1-0

[Event "FIDE World Rapid-ch Open 2018"]
[White "Najer, Evgeniy"]
[Black "Zakhartsov, Vladimir"]
[Site "St. Petersburg"]
[Round "2.68"]
[Annotator "ChessBase"]
[Result "1-0"]
[Date "2018.12.26"]
[WhiteElo "2670"]
[BlackElo "2486"]
[PlyCount "95"]
[TimeControl "900+10"]

1. e4 c5 2. Nf3 d6 3. d4 Nf6 4. Nc3 cxd4 5. Nxd4 a6 6. Qd3 e5 7. Nf5 Bxf5 8. exf5 d5 9. Bg5 d4 10. Ne4 Nbd7 11. Be2 Qa5+ 12. Bd2 Qb6 13. 0-0 Nc5 14. Nxc5 Bxc5 15. b4 Be7 16. Bf3 0-0 17. c4 dxc3 18. Bxc3 Rad8 19. Qe2 Bd6 20. Rfe1 Rc8 21. Bd2 h6 22. g3 Rfd8 23. Be3 Qc7 24. a3 e4 25. Bg2 Qd7 26. g4 Bb8 27. Rad1 Qc7 28. Rxd8+ Rxd8 29. h3 Nd5 30. Bc1 Re8 31. Kf1 Qh2 32. Qc4 Nf6 33. a4 Bf4 34. Bb2 Be5 35. Ba3 Bf4 36. b5 axb5 37. Qxb5 e3 38. Bc5 Re5 39. fxe3 h5 40. Re2 hxg4 41. Qc4 Rxf5 42. Rf2 Rxc5 43. Qxc5 Bg3 44. Qc8+ Kh7 45. Qf5+ Kh6 46. hxg4 Nh7 47. Rb2 Bd6 48. Qh5+ 1-0

[Event "FIDE World Rapid-ch Open 2018"]
[White "Ponkratov, Pavel"]
[Black "Teterev, Vitaly"]
[Site "St. Petersburg"]
[Round "2.69"]
[Annotator "ChessBase"]
[Result "1/2-1/2"]
[Date "2018.12.26"]
[WhiteElo "2630"]
[BlackElo "2486"]
[PlyCount "152"]
[TimeControl "900+10"]

1. e4 c5 2. Nf3 d6 3. d4 cxd4 4. Nxd4 Nf6 5. Nc3 a6 6. Be3 e6 7. Qf3 Qc7 8. Be2 b5 9. a3 Bb7 10. 0-0-0 Nbd7 11. Qg3 Nxe4 12. Nxe4 Bxe4 13. Rhe1 Rc8 14. c3 d5 15. Qxc7 Rxc7 16. f3 Bg6 17. f4 Be4 18. Bf3 Nc5 19. Bxe4 dxe4 20. Kc2 Be7 21. f5 e5 22. Ne2 g6 23. Rf1 Nd7 24. Ng3 Nf6 25. Bg5 Rc6 26. Bxf6 Rxf6 27. Rd5 gxf5 28. Rxe5 Rg8 29. Rfxf5 Re6 30. Rxe6 fxe6 31. Re5 Kd7 32. Rxe4 Bd6 33. Re3 h5 34. Kb3 h4 35. Ne4 Kc6 36. g3 hxg3 37. hxg3 Rg4 38. Kc2 a5 39. Kd3 Bc7 40. Rf3 Be5 41. b3 a4 42. b4 Kd5 43. Re3 Rg7 44. Rf3 Rg6 45. Rf1 Rg7 46. Rf3 Rg6 47. Rf8 Bxg3 48. Rc8 Bd6 49. c4+ bxc4+ 50. Rxc4 e5 51. Rc8 Be7 52. Ra8 Rg1 53. Ra5+ Kc6 54. Rxe5 Bd8 55. Rc5+ Kb6 56. Nc3 Rg3+ 57. Ke4 Kb7 58. Kd5 Bb6 59. Rc4 Rg5+ 60. Ke6 Rg6+ 61. Ke5 Rg3 62. Ke4 Re3+ 63. Kf4 Rh3 64. Ke5 Rd3 65. b5 Re3+ 66. Kd6 Rd3+ 67. Ke6 Re3+ 68. Ne4 Rxa3 69. Nd6+ Kb8 70. Kd7 Rd3 71. Kc6 Bc7 72. Ne4 a3 73. Ra4 Be5 74. b6 Rd4 75. Rxa3 Rxe4 76. b7 Rc4+ 1/2-1/2

[Event "FIDE World Rapid-ch Open 2018"]
[White "Kobo, Ori"]
[Black "Khismatullin, Denis"]
[Site "St. Petersburg"]
[Round "2.70"]
[Annotator "ChessBase"]
[Result "1/2-1/2"]
[Date "2018.12.26"]
[WhiteElo "2494"]
[BlackElo "2621"]
[PlyCount "80"]
[TimeControl "900+10"]

1. Nf3 Nf6 2. c4 e6 3. g3 a6 4. Bg2 b5 5. b3 c5 6. 0-0 Bb7 7. Nc3 b4 8. Na4 d6 9. d4 cxd4 10. Qxd4 Be7 11. Qd2 a5 12. a3 Na6 13. axb4 Nxb4 14. Bb2 0-0 15. Nc3 Qb8 16. Nd4 Bxg2 17. Kxg2 Qb7+ 18. f3 Rfd8 19. e4 Nd7 20. Na2 Nxa2 21. Rxa2 Nc5 22. Rxa5 Nxb3 23. Nxb3 Qxb3 24. Qc3 Qxc3 25. Bxc3 Rac8 26. Ra7 Bf8 27. Ra4 Rc6 28. Bd4 Rdc8 29. Rc1 f6 30. h4 d5 31. exd5 exd5 32. c5 Bxc5 33. Rd1 Bf8 34. Ra5 Rd8 35. Bf2 Rcd6 36. Bc5 R6d7 37. Bb6 Rb8 38. Bf2 Rbd8 39. Bb6 Rb8 40. Bf2 Rbd8 1/2-1/2

[Event "FIDE World Rapid-ch Open 2018"]
[White "Adly, Ahmed"]
[Black "Carlsson, Pontus"]
[Site "St. Petersburg"]
[Round "2.71"]
[Annotator "ChessBase"]
[Result "1-0"]
[Date "2018.12.26"]
[WhiteElo "2626"]
[BlackElo "2463"]
[PlyCount "57"]
[TimeControl "900+10"]

1. Nf3 Nf6 2. c4 c5 3. g3 b6 4. Bg2 Bb7 5. 0-0 e6 6. Nc3 Be7 7. d4 cxd4 8. Qxd4 0-0 9. Rd1 Nc6 10. Qf4 Qb8 11. Qh4 d6 12. g4 Ne4 13. Ng5 Bxg5 14. Bxg5 Nxc3 15. bxc3 Ne5 16. e4 f6 17. Bc1 Nxc4 18. g5 Qc7 19. Rd3 fxg5 20. Bxg5 Rf7 21. Rh3 g6 22. f4 Qc5+ 23. Kh1 Ne3 24. Bf3 d5 25. f5 exf5 26. Bxe3 Qxe3 27. exf5 Qxc3 28. Rg1 Qg7 29. fxg6 1-0

[Event "FIDE World Rapid-ch Open 2018"]
[White "Antipov, Mikhail Al."]
[Black "Apryshko, Gleb"]
[Site "St. Petersburg"]
[Round "2.72"]
[Annotator "ChessBase"]
[Result "1-0"]
[Date "2018.12.26"]
[WhiteElo "2589"]
[BlackElo "2385"]
[PlyCount "81"]
[TimeControl "900+10"]

1. e4 g6 2. d4 Bg7 3. Nc3 a6 4. Be3 d6 5. g4 b5 6. Bg2 Bb7 7. h4 h5 8. gxh5 Rxh5 9. Nge2 e5 10. Bg5 Rxg5 11. hxg5 Qxg5 12. Kf1 exd4 13. Nxd4 Qc5 14. Nb3 Qc4+ 15. Kg1 Bxc3 16. bxc3 Nc6 17. Qd3 Ne5 18. Qe3 Qe6 19. a4 Nc4 20. Qg5 Qe7 21. Qxe7+ Kxe7 22. e5 Bxg2 23. Kxg2 Rc8 24. axb5 axb5 25. exd6+ cxd6 26. Nd4 Kf6 27. Rh3 Rc5 28. Rf3+ Kg7 29. Ra7 Rg5+ 30. Rg3 Re5 31. Rb7 Nf6 32. f4 Rd5 33. Rd3 Na3 34. Ne6+ Kg8 35. Rb8+ Kh7 36. Ng5+ Kh6 37. Nxf7+ Kh5 38. Rg3 Kh4 39. Rh8+ Nh5 40. Ng5 Rd2+ 41. Kf3 1-0

[Event "FIDE World Rapid-ch Open 2018"]
[White "Hirneise, Tobias"]
[Black "Vallejo Pons, Francisco"]
[Site "St. Petersburg"]
[Round "2.73"]
[Annotator "ChessBase"]
[Result "1/2-1/2"]
[Date "2018.12.26"]
[WhiteElo "2464"]
[BlackElo "2695"]
[PlyCount "103"]
[TimeControl "900+10"]

1. e4 e5 2. Nf3 Nc6 3. Bb5 a6 4. Ba4 b5 5. Bb3 Na5 6. d4 exd4 7. Qxd4 Bb7 8. Nc3 d6 9. Qd3 Be7 10. 0-0 Nf6 11. Re1 0-0 12. Bf4 Re8 13. Rad1 Nxb3 14. axb3 Bf8 15. Bg5 h6 16. Bh4 g5 17. Bg3 b4 18. Nd5 Nxd5 19. exd5 Qf6 20. Qc4 Rxe1+ 21. Nxe1 Re8 22. Qxb4 Ba8 23. Qa4 Qe7 24. Nd3 Qe2 25. Rf1 Bxd5 26. h4 gxh4 27. Nf4 Qe5 28. Nxd5 hxg3 29. Qxe8 gxf2+ 30. Rxf2 Qxd5 31. Rf3 Qd4+ 32. Kh2 Qh4+ 33. Rh3 Qf4+ 34. Rg3+ Kh7 35. Qxf8 Qh4+ 36. Rh3 Qf4+ 37. Kg1 Qc1+ 38. Kf2 Qd2+ 39. Kf3 Qd5+ 40. Ke3 Qc5+ 41. Kd2 Qf2+ 42. Kc3 Qc5+ 43. Kd3 Qd5+ 44. Ke3 Qc5+ 45. Kf3 Qf5+ 46. Kg3 Qg5+ 47. Kf2 Qd2+ 48. Kg1 Qc1+ 49. Kh2 Qf4+ 50. Rg3 Qh4+ 51. Rh3 Qf4+ 52. Rg3 1/2-1/2

[Event "FIDE World Rapid-ch Open 2018"]
[White "Van Foreest, Jorden"]
[Black "Kovalev, Vladislav"]
[Site "St. Petersburg"]
[Round "2.74"]
[Annotator "ChessBase"]
[Result "1-0"]
[Date "2018.12.26"]
[WhiteElo "2614"]
[BlackElo "2683"]
[PlyCount "92"]
[TimeControl "900+10"]

1. e4 e5 2. Nf3 Nc6 3. Bc4 Nf6 4. d3 Bc5 5. c3 d6 6. 0-0 a6 7. a4 Ba7 8. Re1 h6 9. Nbd2 0-0 10. Nf1 Ng4 11. Re2 Be6 12. Bxe6 fxe6 13. h3 Rxf3 14. gxf3 Nf6 15. Ng3 Nh7 16. Kg2 Qf6 17. Be3 Rf8 18. Bxa7 Qxf3+ 19. Kh2 Nxa7 20. Qb3 h5 21. Qxe6+ Kh8 22. Qg6 Rf6 23. Qe8+ Rf8 24. Qg6 Rf6 25. Qe8+ Rf8 26. Qxh5 Qxd3 27. Nf5 g6 28. Qxg6 Rg8 29. Qh5 Rg5 30. Qe8+ Rg8 31. Qh5 Rg5 32. Re3 Rxh5 33. Rxd3 Nf6 34. Re1 Nc6 35. Kg2 Nd8 36. Nxd6 Ne6 37. Rf3 Nf4+ 38. Rxf4 exf4 39. Nxb7 Kg7 40. Nd8 Rh4 41. Ne6+ Kf7 42. Nxc7 Nh7 43. e5 Ke7 44. e6 Nf6 45. Nxa6 f3+ 46. Kxf3 Rxh3+ {Ke4} 1-0

[Event "FIDE World Rapid-ch Open 2018"]
[White "Teske, Henrik"]
[Black "Tissir, Mohamed"]
[Site "St. Petersburg"]
[Round "2.76"]
[Annotator "ChessBase"]
[Result "1-0"]
[Date "2018.12.26"]
[WhiteElo "2483"]
[BlackElo "2387"]
[PlyCount "99"]
[TimeControl "900+10"]

1. e4 c5 2. Nf3 d6 3. Nc3 a6 4. e5 dxe5 5. Nxe5 Nd7 6. d4 cxd4 7. Qxd4 e6 8. Nc4 b5 9. Nd6+ Bxd6 10. Qxd6 Bb7 11. Bf4 Qb6 12. 0-0-0 Qxd6 13. Bxd6 Ngf6 14. f3 0-0-0 15. a4 bxa4 16. Nxa4 Nd5 17. Rd4 N7b6 18. Nxb6+ Nxb6 19. Be2 Nd5 20. Bc5 Kb8 21. Rhd1 Rc8 22. Bd6+ Ka7 23. R1d2 Rc6 24. Be5 f6 25. Bg3 Rhc8 26. Bf2 Ka8 27. b3 g5 28. Kb2 h5 29. h4 Nf4 30. Bf1 Nd5 31. Ra4 Kb8 32. hxg5 fxg5 33. Ra5 g4 34. c4 Nf6 35. Re5 Rf8 36. Be2 Kc8 37. Bh4 gxf3 38. Bxf3 Rb6 39. Bf2 Bxf3 40. Bxb6 Bg4 41. Ba5 Nd7 42. Rg5 Rf7 43. Ka3 Kb7 44. Bc3 Kc6 45. Ra5 Kb7 46. Rd6 Nb8 47. Rg5 Kc7 48. Be5 Nc6 49. Rxe6+ Kb7 50. Rh6 1-0

[Event "FIDE World Rapid-ch Open 2018"]
[White "Hirneise, Jens"]
[Black "Tari, Aryan"]
[Site "St. Petersburg"]
[Round "2.77"]
[Annotator "ChessBase"]
[Result "1/2-1/2"]
[Date "2018.12.26"]
[WhiteElo "2371"]
[BlackElo "2620"]
[PlyCount "138"]
[TimeControl "900+10"]

1. e4 e5 2. Nf3 Nc6 3. Bb5 a6 4. Ba4 b5 5. Bb3 g6 6. c3 Bg7 7. d4 exd4 8. Nxd4 Nge7 9. Bg5 Bb7 10. Nxc6 Bxc6 11. Bd5 h6 12. Bxc6 dxc6 13. Qxd8+ Rxd8 14. Bf4 Rd7 15. Nd2 g5 16. Be3 f5 17. Bc5 Kf7 18. 0-0-0 Rhd8 19. Rhe1 Ng6 20. Kc2 Nf4 21. Rg1 Nd3 22. Nb3 fxe4 23. Be3 Rd5 24. Nd2 c5 25. Nxe4 c4 26. b3 Bf8 27. bxc4 bxc4 28. Nd2 Ne5 29. Bd4 Nc6 30. Be3 Ne5 31. Bd4 Ra5 32. Ra1 Bg7 33. Rgb1 Rad5 34. Rd1 Ke6 35. Rab1 R8d7 36. Ne4 Bf8 37. Bxe5 Rxe5 38. Rxd7 Kxd7 39. f3 Ra5 40. Rd1+ Kc6 41. Kb1 Rb5+ 42. Kc2 Ra5 43. Kb1 Ba3 44. Kc2 Bd6 45. Kb2 Ba3+ 46. Kc2 Be7 47. Kb2 Rb5+ 48. Kc2 Ba3 49. Rb1 Kd5 50. Rxb5+ axb5 51. Nf6+ Ke6 52. Ne4 Be7 53. Kd2 Kd5 54. Kc2 g4 55. Nd2 h5 56. fxg4 hxg4 57. Nf1 Ke4 58. Ng3+ Kf4 59. Kd2 c5 60. Nf1 b4 61. Kc2 Ke4 62. Nd2+ Kd5 63. h3 g3 64. Nf1 Bf6 65. cxb4 cxb4 66. Nxg3 Kd4 67. Nf5+ Ke4 68. g4 Be5 69. Ne7 Bf6 1/2-1/2

[Event "FIDE World Rapid-ch Open 2018"]
[White "Gasanov, Eldar"]
[Black "Bilguun, Sumiya"]
[Site "St. Petersburg"]
[Round "2.78"]
[Annotator "ChessBase"]
[Result "1-0"]
[Date "2018.12.26"]
[WhiteElo "2499"]
[BlackElo "2497"]
[PlyCount "75"]
[TimeControl "900+10"]

1. c4 e6 2. Nf3 d5 3. e3 Nf6 4. b3 b6 5. Bb2 Be7 6. Nc3 0-0 7. cxd5 exd5 8. Rc1 c6 9. Qc2 Bd6 10. d4 Re8 11. Bd3 Bg4 12. Nd2 Nh5 13. 0-0 Qg5 14. f4 Qh6 15. Rce1 Nd7 16. h3 Ng3 17. hxg4 Nxf1 18. Nxf1 Bxf4 19. e4 Nf6 20. g3 Bg5 21. Qe2 dxe4 22. Nxe4 Nd5 23. Qf3 Rad8 24. Re2 Bc1 25. Rh2 Qxh2+ 26. Kxh2 Bxb2 27. Ng5 Nf6 28. Bc4 Re7 29. Nxf7 Rxd4 30. Ne5+ Rxc4 31. Nxc4 Bd4 32. Qxc6 Re2+ 33. Kh3 h6 34. Nfd2 Bg1 35. Nf3 Ne4 36. Qc8+ Kh7 37. Qf5+ Kh8 38. Nxg1 1-0

[Event "FIDE World Rapid-ch Open 2018"]
[White "Pershin, Denis"]
[Black "Gabrielian, Artur"]
[Site "St. Petersburg"]
[Round "2.79"]
[Annotator "ChessBase"]
[Result "0-1"]
[Date "2018.12.26"]
[WhiteElo "2400"]
[BlackElo "2499"]
[PlyCount "94"]
[TimeControl "900+10"]

1. e4 c5 2. Nf3 d6 3. d4 cxd4 4. Nxd4 Nf6 5. Nc3 Nc6 6. Bg5 e6 7. Qd2 a6 8. 0-0-0 Bd7 9. f4 Be7 10. Nf3 b5 11. e5 b4 12. exf6 bxc3 13. Qxc3 gxf6 14. Bh4 a5 15. a3 Rc8 16. Qe3 Qc7 17. Bd3 a4 18. Nd4 Na5 19. Nb5 Qc5 20. Qxc5 Rxc5 21. Nc3 f5 22. Bf2 Rc8 23. Rhe1 Nc4 24. Be2 Rg8 25. Bxc4 Rxc4 26. g3 h5 27. Rd4 Rxd4 28. Bxd4 h4 29. Re3 Bc6 30. b3 e5 31. Bb6 exf4 32. gxf4 Rg1+ 33. Kb2 Rg2 34. bxa4 Rxh2 35. a5 Kd7 36. a6 Bf6 37. Kb3 Rg2 38. a7 Rg8 39. a4 Bg2 40. Rd3 h3 41. Bg1 Ba8 42. Nd5 Bd8 43. Bh2 Rg2 44. Bg3 Rxg3 45. Rxg3 h2 46. Rh3 Bxd5+ 47. c4 h1=Q 0-1

[Event "FIDE World Rapid-ch Open 2018"]
[White "Yilmaz, Mustafa"]
[Black "Kabanov, Nikolai"]
[Site "St. Petersburg"]
[Round "2.80"]
[Annotator "ChessBase"]
[Result "1-0"]
[Date "2018.12.26"]
[WhiteElo "2636"]
[BlackElo "2450"]
[PlyCount "76"]
[TimeControl "900+10"]

1. d4 d6 2. Nf3 Nf6 3. c4 Nbd7 4. Nc3 e5 5. e4 g6 6. Be2 Bg7 7. 0-0 0-0 8. Be3 h6 9. dxe5 dxe5 10. Qc1 Ng4 11. Bd2 Kh7 12. Rd1 c6 13. c5 Qe7 14. b4 a5 15. a3 axb4 16. axb4 Rxa1 17. Qxa1 f5 18. Qb1 f4 19. Na4 h5 20. Bc3 Re8 21. Nb2 Nh6 22. Nc4 Nf7 23. Nd6 Nxd6 24. Rxd6 Nf8 25. h4 Bf6 26. Qb2 Bg4 27. b5 Bxf3 28. Bxf3 Rc8 29. g3 fxg3 30. fxg3 Bg7 31. Qb3 cxb5 32. Qd5 Ne6 33. Qxe6 Qxe6 34. Rxe6 Rxc5 35. Be1 Bf8 36. Rb6 Rc1 37. Rxb7+ Kg8 38. Kf2 b4 1-0

[Event "FIDE World Rapid-ch Open 2018"]
[White "Perdomo, Carlos Andres"]
[Black "Goganov, Aleksey"]
[Site "St. Petersburg"]
[Round "2.81"]
[Annotator "ChessBase"]
[Result "0-1"]
[Date "2018.12.26"]
[WhiteElo "2301"]
[BlackElo "2612"]
[PlyCount "70"]
[TimeControl "900+10"]

1. Nf3 d5 2. g3 c6 3. Bg2 Bg4 4. d4 Nd7 5. Nbd2 Ngf6 6. c4 e6 7. h3 Bh5 8. 0-0 Be7 9. b3 0-0 10. Bb2 a5 11. a3 h6 12. Ne5 Nxe5 13. dxe5 Nd7 14. g4 Bg6 15. f4 f6 16. f5 Bf7 17. cxd5 cxd5 18. exf6 Bxf6 19. Bxf6 Qxf6 20. fxe6 Qxe6 21. Nf3 Qe3+ 22. Kh1 Nf6 23. Qd3 Rae8 24. Qxe3 Rxe3 25. Nd4 Bg6 26. Rac1 Be4 27. Bf3 h5 28. g5 Nh7 29. h4 Rxe2 30. Rc7 Rd2 31. g6 Rxd4 32. gxh7+ Kh8 33. Rc3 Rd3 34. Rxd3 Bxd3 35. Rf2 Rxf3 0-1

[Event "FIDE World Rapid-ch Open 2018"]
[White "Hakobyan, Aram"]
[Black "Fakhrutdinov, Timur"]
[Site "St. Petersburg"]
[Round "2.82"]
[Annotator "ChessBase"]
[Result "1/2-1/2"]
[Date "2018.12.26"]
[WhiteElo "2545"]
[BlackElo "2481"]
[PlyCount "93"]
[TimeControl "900+10"]

1. Nf3 Nf6 2. c4 e6 3. Nc3 d5 4. d4 dxc4 5. e3 a6 6. Bxc4 b5 7. Bd3 c5 8. 0-0 Bb7 9. Qe2 Nbd7 10. Rd1 Qb8 11. b3 Bd6 12. h3 0-0 13. Bb2 cxd4 14. Nxd4 Nc5 15. Bc2 Rd8 16. Rac1 Be7 17. Bb1 b4 18. Na4 Nxa4 19. bxa4 Rc8 20. e4 Qf4 21. Qf3 Qxf3 22. gxf3 Kf8 23. Nb3 Rxc1 24. Rxc1 Rc8 25. Bd3 Rxc1+ 26. Bxc1 Nd7 27. Be3 Bd8 28. Kf1 Ke8 29. Ke2 Ne5 30. Nc5 Nxd3 31. Nxb7 Nb2 32. Nc5 a5 33. Bd4 Nc4 34. Nb7 Bb6 35. Kd3 Bxd4 36. Kxc4 Bxf2 37. Nxa5 Kd7 38. Kb5 f5 39. exf5 exf5 40. Nc6 g5 41. a5 h5 42. Ne5+ Kc7 43. a6 Bd4 44. Nc6 Bf2 45. Ne5 Bd4 46. Nc6 Bf2 47. Ne5 1/2-1/2

[Event "FIDE World Rapid-ch Open 2018"]
[White "Sychev, Klementy"]
[Black "Pogosyan, Stefan"]
[Site "St. Petersburg"]
[Round "2.83"]
[Annotator "ChessBase"]
[Result "1-0"]
[Date "2018.12.26"]
[WhiteElo "2537"]
[BlackElo "2365"]
[PlyCount "105"]
[TimeControl "900+10"]

1. e4 e5 2. Nf3 Nc6 3. Bb5 a6 4. Ba4 Nf6 5. 0-0 Be7 6. d3 b5 7. Bb3 0-0 8. a4 Bb7 9. Re1 d6 10. Bd2 b4 11. a5 d5 12. Bg5 dxe4 13. dxe4 Qxd1 14. Rxd1 Nxe4 15. Bxe7 Nxe7 16. Nxe5 Rad8 17. Re1 Nc6 18. Nd3 Nd4 19. Ba4 b3 20. cxb3 Nc2 21. Na3 Nxa3 22. Nb4 Nb5 23. Nxa6 Bxa6 24. Rxe4 Nd4 25. h3 c5 26. Re5 Rb8 27. Rd1 Rfc8 28. Kh2 h6 29. Re7 Kf8 30. Ra7 Be2 31. Rd2 Bb5 32. a6 Bxa4 33. bxa4 Rb4 34. Rb7 Rxb7 35. axb7 Rb8 36. b4 Rxb7 37. bxc5 Nb3 38. c6 Rc7 39. Rb2 Na5 40. g4 Rxc6 41. Rb5 Ra6 42. h4 Nc6 43. Rc5 Ke7 44. Kg3 Kd6 45. Rc4 Ne5 46. Rd4+ Kc5 47. Rf4 f6 48. g5 fxg5 49. hxg5 h5 50. Rf5 Kd4 51. f4 Nc4 52. Rf7 g6 53. f5 1-0

[Event "FIDE World Rapid-ch Open 2018"]
[White "Vorotnikov, Vladislav V"]
[Black "Rechlis, Gad"]
[Site "St. Petersburg"]
[Round "2.84"]
[Annotator "ChessBase"]
[Result "0-1"]
[Date "2018.12.26"]
[WhiteElo "2417"]
[BlackElo "2521"]
[PlyCount "141"]
[TimeControl "900+10"]

1. d4 Nf6 2. Nf3 e6 3. c3 c5 4. e3 d5 5. Nbd2 Nbd7 6. Ne5 Nxe5 7. dxe5 Nd7 8. f4 c4 9. e4 Nc5 10. Qf3 b5 11. exd5 Bb7 12. b4 Bxd5 13. Qe3 Na4 14. Nf3 a5 15. a3 Be7 16. Be2 0-0 17. 0-0 Qc7 18. Bd2 Rfd8 19. Nd4 Qb7 20. Qg3 Be4 21. Qf2 g6 22. Bf3 Bxf3 23. Qxf3 Qxf3 24. Rxf3 axb4 25. axb4 Bxb4 26. Nxb5 Bc5+ 27. Be3 Bxe3+ 28. Rxe3 Nb2 29. Rxa8 Rxa8 30. g3 Ra1+ 31. Kg2 Rc1 32. Re2 Nd1 33. Ra2 Nxc3 34. Ra8+ Kg7 35. Nd6 Nd5 36. Ra7 c3 37. Nxf7 c2 38. Ng5+ Kf8 39. Nxe6+ Ke8 40. Nc7+ Kd8 41. Nxd5 Rg1+ 42. Kxg1 c1=Q+ 43. Kg2 Qd2+ 44. Kh3 Qxd5 45. Rxh7 Ke8 46. Kg4 Kf8 47. Kg5 Kg8 48. Ra7 Qe4 49. g4 Qe3 50. Rb7 Qe4 51. Ra7 Qd4 52. Rb7 Qd5 53. Ra7 Qc6 54. h4 Qc5 55. Rd7 Qf8 56. f5 gxf5 57. gxf5 Qc5 58. e6 Qe3+ 59. Kf6 Qh6+ 60. Ke5 Qxh4 61. Rf7 Qb4 62. Rd7 Qc3+ 63. Ke4 Kf8 64. Rf7+ Ke8 65. Rd7 Qg3 66. Rf7 Qg4+ 67. Ke5 Qg3+ 68. Ke4 Qg5 69. Kf3 Qh4 70. Rd7 Kf8 71. Ke2 0-1

[Event "FIDE World Rapid-ch Open 2018"]
[White "Chen, Qi b"]
[Black "Zablotsky, Sergei"]
[Site "St. Petersburg"]
[Round "2.85"]
[Annotator "ChessBase"]
[Result "1-0"]
[Date "2018.12.26"]
[WhiteElo "2437"]
[BlackElo "2511"]
[PlyCount "93"]
[TimeControl "900+10"]

1. e4 d6 2. d4 Nf6 3. Nc3 e5 4. Nf3 Nbd7 5. Bc4 Be7 6. 0-0 0-0 7. Re1 c6 8. a4 exd4 9. Nxd4 Ne5 10. Bb3 Re8 11. h3 Bd7 12. Bf4 Qc7 13. Bh2 Bf8 14. Kh1 Rad8 15. f4 Ng6 16. Qf3 a6 17. Re3 c5 18. Nde2 c4 19. Ba2 b5 20. axb5 axb5 21. Rd1 Qa7 22. Nd4 b4 23. Bxc4 bxc3 24. bxc3 Qc5 25. Bb3 Bc8 26. Ba4 Bd7 27. Bb3 Qh5 28. Qxh5 Nxh5 29. Rf1 Nf6 30. e5 Re7 31. Rfe1 Ne8 32. e6 fxe6 33. f5 Ne5 34. fxe6 Bc8 35. Bxe5 dxe5 36. Nc6 Rd2 37. Rxe5 Nf6 38. Rb5 Rd6 39. Nxe7+ Bxe7 40. Rb8 Rd8 41. Ra1 Ne4 42. Bd5 Ng3+ 43. Kg1 Nf5 44. c4 Bc5+ 45. Kh1 Ne7 46. Bb7 Bd6 47. Rba8 1-0

[Event "FIDE World Rapid-ch Open 2018"]
[White "Shubin, Kirill"]
[Black "Popov, Valerij"]
[Site "St. Petersburg"]
[Round "2.87"]
[Annotator "ChessBase"]
[Result "1/2-1/2"]
[Date "2018.12.26"]
[WhiteElo "2334"]
[BlackElo "2532"]
[PlyCount "75"]
[TimeControl "900+10"]

1. e4 e6 2. d4 d5 3. Nc3 h6 4. e5 c5 5. f4 cxd4 6. Nb5 Nc6 7. Nf3 Bc5 8. Nbxd4 Nxd4 9. Nxd4 Qb6 10. Nb3 Bf2+ 11. Ke2 Bd7 12. a4 Bg1 13. Qe1 Rc8 14. Kd1 Bf2 15. a5 Qxb3 16. Qxf2 Qb4 17. b3 Qc3 18. Ra2 a6 19. Qb6 Qc7 20. Qxc7 Rxc7 21. Ba3 Bb5 22. Bd6 Rc6 23. Bxb5 axb5 24. a6 bxa6 25. Kd2 Nf6 26. exf6 Rxd6 27. fxg7 Rg8 28. Rha1 Rxg7 29. g3 h5 30. Rxa6 Rxa6 31. Rxa6 h4 32. f5 hxg3 33. hxg3 e5 34. Rb6 Rxg3 35. Rxb5 Rg2+ 36. Kd3 Rg3+ 37. Kd2 Rg2+ 38. Kd3 1/2-1/2

[Event "FIDE World Rapid-ch Open 2018"]
[White "Geller, Jakov"]
[Black "Dubrovin, Robert"]
[Site "St. Petersburg"]
[Round "2.88"]
[Annotator "ChessBase"]
[Result "1-0"]
[Date "2018.12.26"]
[WhiteElo "2518"]
[BlackElo "2220"]
[PlyCount "114"]
[TimeControl "900+10"]

1. e4 e6 2. d4 d5 3. Nc3 Bb4 4. e5 Ne7 5. a3 Bxc3+ 6. bxc3 c5 7. Qg4 0-0 8. Bd3 Nbc6 9. Nf3 f5 10. exf6 Rxf6 11. Qh5 g6 12. Qh4 Nf5 13. Bxf5 Rxf5 14. Qxd8+ Nxd8 15. dxc5 e5 16. Be3 Bd7 17. 0-0-0 Bc6 18. Rhe1 Ne6 19. Kb2 Rd8 20. Nh4 Rf7 21. Nf3 Rf5 22. h4 d4 23. cxd4 Bxf3 24. gxf3 exd4 25. Bg5 Nxg5 26. hxg5 Rxf3 27. Re7 Rf7 28. Rxf7 Kxf7 29. Kb3 Rd5 30. Kc4 Rxg5 31. Rb1 b6 32. cxb6 axb6 33. Rxb6 h5 34. Kxd4 Rf5 35. Ke3 Rc5 36. Kd3 h4 37. Rb1 h3 38. a4 Rh5 39. Rh1 Ke6 40. a5 Rxa5 41. Rxh3 Kf5 42. Rf3+ Ke5 43. Re3+ Kf4 44. Re6 g5 45. c4 Rf5 46. Re3 g4 47. Kd4 Ra5 48. Re2 Kf3 49. Rc2 Ra8 50. c5 Rd8+ 51. Ke5 Re8+ 52. Kf5 Rc8 53. c6 Rc7 54. Rc3+ Kxf2 55. Kxg4 Ke2 56. Kf5 Kd2 57. Rc5 Kd3 1-0

[Event "FIDE World Rapid-ch Open 2018"]
[White "Vaisser, Anatoli"]
[Black "Tang, Andrew"]
[Site "St. Petersburg"]
[Round "2.89"]
[Annotator "ChessBase"]
[Result "0-1"]
[Date "2018.12.26"]
[WhiteElo "2505"]
[BlackElo "2487"]
[PlyCount "76"]
[TimeControl "900+10"]

1. d4 d5 2. c4 e6 3. Nc3 Be7 4. cxd5 exd5 5. Bf4 c6 6. e3 Bf5 7. g4 Be6 8. h3 Nd7 9. Nf3 h5 10. g5 Nb6 11. Bd3 Bd6 12. g6 f6 13. Bxd6 Qxd6 14. Qc2 Ne7 15. 0-0-0 Qd7 16. Nh4 0-0-0 17. Ne2 Bxh3 18. Rxh3 Qxh3 19. Nf5 Nxg6 20. Nxg7 Nh4 21. Nf5 Kb8 22. Nf4 Qg4 23. Ng3 Rdg8 24. Rh1 Nf3 25. Nfxh5 Qe6 26. Bh7 Rd8 27. Bf5 Qd6 28. Bg4 Ng5 29. f4 Ne4 30. Nxe4 dxe4 31. Qxe4 Nd5 32. Re1 Qb4 33. Re2 Qc4+ 34. Qc2 Qxa2 35. Bf3 Qa1+ 36. Kd2 Qa5+ 37. Kc1 Nb4 38. Qg6 f5 0-1